Map: 오토메이턴 - 래더

Players

TYTY (TY)

  • Race: Terran Terran
  • Spawn Location: 9:00

Dear - Winner!

  • Race: Protoss Protoss
  • Spawn Location: 3:00

Event: IEM Season 13: Katowice (2019)

VOD

Have the link to the VOD?

Description

Time

  • Played on: March 1, 2019, 2:26 p.m.
  • Length: 11:05

All games in this series

Show
View Real Time Build Order
Export as new Build Order

TYTY Terran 

Build Orders:  

Get SALT Encoding   

  12  0:00  SCV  
  13  0:12  SCV  
  14  0:17  Supply Depot  
  14  0:24  SCV  
  15  0:40  Barracks  
  15  0:41  SCV  
  16  0:47  Refinery  
  16  0:53  SCV  
  17  0:57  Refinery  
  17  1:05  SCV  
  17  1:07  Barracks  
  18  1:17  SCV  
  19  1:29  SCV  
  20  1:41  SCV  
  21  1:54  Reaper  
  21  1:55  Orbital Command  
  22  2:02  Supply Depot  
  22  2:03  Factory  
  22  2:21  SCV  
  23  2:28  Barracks Reactor  
  23  2:33  SCV  
  24  2:38  Command Center  
  24  2:45  SCV  
  27  2:55  Starport, Widow Mine  
  27  2:58  SCV  
  27  3:00  Supply Depot  
  27  3:04  Marine x2  
  29  3:10  SCV  
  30  3:22  Marine x2  
  30  3:24  Command Center  
  30  3:29  Widow Mine  
  30  3:32  Medivac  
  34  3:40  Marine, Supply Depot  
  35  3:44  Marine  
  35  3:45  SCV  
  37  3:51  Widow Mine  
  39  4:01  Marine  
  39  4:02  SCV  
  41  4:07  Supply Depot  
  41  4:14  SCV  
  45  4:18  Marine  
  45  4:21  Viking  
  43  4:26  SCV  
  43  4:31  Factory Tech Lab  
  43  4:38  SCV  
  44  4:41  Marine x2  
  44  4:42  Orbital Command  
  46  4:50  SCV  
  45  4:53  Siege Tank  
  45  4:55  Starport Tech Lab  
  45  4:57  Liberator  
  45  4:58  Marine  
  49  5:00  Marine  
  49  5:05  Orbital Command, SCV  
  51  5:11  Supply Depot  
  51  5:18  SCV  
  51  5:20  Marine  
  56  5:25  Marine  
  57  5:33  SCV  
  57  5:35  SCV  
  63  5:45  SCV  
  63  5:47  SCV  
  61  5:50  Barracks  
  61  5:52  Barracks  
  61  5:54  Marine, Bunker  
  61  5:55  Stimpack  
  62  5:57  SCV  
  62  5:59  Factory Reactor, SCV  
  62  6:03  Starport Reactor  
  64  6:10  SCV  
  64  6:11  SCV  
  66  6:12  Marine  
  66  6:14  Engineering Bay  
  66  6:22  SCV  
  66  6:23  SCV  
  68  6:28  Command Center  
  68  6:30  Marine  
  69  6:34  SCV  
  69  6:38  Widow Mine x2  
  69  6:39  Marine x2  
  76  6:41  Medivac  
  76  6:46  Terran Infantry Weapons Level 1  
  78  6:47  Marine  
  78  6:48  Refinery  
  78  6:49  Missile Turret  
  78  6:52  Combat Shield  
  78  6:54  Marine  
  78  6:55  Supply Depot  
  78  7:02  Widow Mine, Marine  
  78  7:07  Missile Turret  
  78  7:14  Supply Depot  
  78  7:17  Widow Mine, SCV x2, Marine x3  
  78  7:22  Supply Depot  
  85  7:23  Marine  
  86  7:30  Medivac  
  86  7:33  SCV  
  86  7:35  Marine x3  
  86  7:36  Widow Mine  
  91  7:39  Widow Mine  
  91  7:43  Medivac  
  90  7:48  Marine  
  90  7:49  SCV x2  
  91  7:53  Marine  
  91  7:54  Orbital Command  
  92  8:02  Marauder x2  
  93  8:06  Widow Mine x2  
  93  8:09  Medivac  
  93  8:11  Refinery  
  93  8:12  Marine x2  
  96  8:22  SCV x2  
  96  8:26  Marine  
  100  8:27  Marauder, Orbital Command  
  100  8:28  Barracks  
  100  8:29  Barracks  
  100  8:33  Widow Mine x2  
  105  8:34  SCV x2  
  105  8:36  Supply Depot  
  107  8:44  Marauder  
  107  8:46  SCV x2  
  111  8:48  Marine x2  
  111  8:53  SCV  
  113  8:58  SCV  
  113  8:59  SCV  
  113  9:01  Liberator x2  
  112  9:05  SCV  
  112  9:07  Marine x2  
  112  9:08  Missile Turret  
  111  9:10  Widow Mine x2, SCV  
  111  9:11  SCV  
  111  9:17  Barracks Tech Lab, Barracks Reactor, SCV  
  114  9:22  SCV  
  114  9:24  SCV  
  123  9:25  Missile Turret  
  123  9:26  Marine x2  
  125  9:31  Marine x2, Supply Depot x2  
  125  9:32  Refinery, SCV  
  125  9:35  SCV  
  129  9:39  Sensor Tower  
  129  9:42  SCV  
  129  9:44  Liberator, SCV  
  127  9:47  SCV  
  127  9:48  Marine x3  
  127  9:49  Refinery  
  131  9:54  SCV  
  129  10:04  Marine x3  
  135  10:09  Starport  
  135  10:12  Fusion Core  
  135  10:14  Missile Turret  
  135  10:18  Marine x3  
  135  10:19  Missile Turret  
  135  10:20  SCV x2  
  140  10:31  Marine x3  
  140  10:35  Marine x2  
  146  10:44  Engineering Bay  
Show
View Real Time Build Order
Export as new Build Order

Dear Protoss - Winner!

Build Orders: Oracle Opening 

Get SALT Encoding   

  12  0:00  Probe  
  13  0:12  Probe  
  14  0:18  Pylon  
  14  0:24  Probe  
  15  0:33  Probe  
  15  0:41  Gateway, Probe  
  16  0:46  Assimilator  
  17  0:51  Probe  
  18  1:03  Probe  
  19  1:15  Probe  
  20  1:28  Cybernetics Core  
  20  1:29  Zealot  
  22  1:45  Nexus  
  22  1:53  Pylon  
  22  1:56  Probe  
  22  2:01  Adept, Assimilator  
  23  2:11  Warp Gate  
  23  2:14  Probe  
  26  2:21  Stalker  
  26  2:26  Probe  
  28  2:38  Probe  
  28  2:42  Stargate  
  29  2:50  Probe  
  30  2:57  Probe, Stalker  
  32  3:03  Probe  
  34  3:15  Probe  
  34  3:18  Oracle  
  35  3:23  Probe  
  37  3:27  Probe  
  40  3:34  Pylon  
  40  3:35  Probe  
  40  3:39  Probe  
  42  3:45  Oracle  
  42  3:47  Probe  
  43  3:51  Probe  
  47  3:58  Gateway  
  47  3:59  Gateway, Probe  
  48  4:04  Probe  
  48  4:07  Pylon  
  49  4:11  Probe  
  49  4:15  Stalker  
  49  4:16  Probe  
  53  4:18  Phoenix  
  53  4:26  Probe  
  53  4:28  Probe  
  56  4:40  Phoenix  
  56  4:45  Probe x2  
  58  4:53  Nexus  
  58  4:56  Phoenix  
  58  4:57  Pylon  
  58  5:05  Probe  
  58  5:06  Probe  
  59  5:13  Assimilator  
  59  5:17  Probe, Assimilator  
  59  5:18  Probe  
  59  5:20  Phoenix  
  61  5:24  Pylon  
  63  5:29  Probe  
  63  5:30  Probe  
  65  5:37  Forge  
  65  5:39  Twilight Council  
  65  5:41  Probe  
  65  5:42  Probe  
  67  5:45  Phoenix  
  69  5:52  Adept x2  
  69  5:55  Adept, Charge  
  75  6:00  Pylon  
  75  6:01  Probe x2, Phoenix  
  77  6:04  Protoss Ground Armor Level 1  
  79  6:14  Probe x2  
  81  6:25  Probe, Pylon  
  82  6:26  Probe  
  82  6:28  Phoenix  
  82  6:32  Probe  
  86  6:38  Probe  
  87  6:41  Protoss Air Weapons Level 1  
  87  6:44  Probe x2  
  86  6:48  Stalker x2  
  86  6:50  Probe  
  86  6:52  Gateway  
  91  6:54  Gateway  
  91  7:01  Gateway  
  91  7:02  Phoenix  
  91  7:05  Probe x2  
  95  7:10  Pylon  
  95  7:14  Sentry, Zealot x2  
  101  7:18  Probe x2  
  103  7:25  Pylon  
  103  7:27  Phoenix  
  105  7:37  Gateway  
  105  7:39  Gateway  
  105  7:40  Zealot, Protoss Ground Armor Level 2  
  105  7:41  Zealot x2  
  109  7:50  Zealot x2  
  113  7:52  Phoenix  
  115  7:59  Robotics Facility  
  115  8:10  Photon Cannon  
  115  8:12  Pylon  
  113  8:16  Assimilator x2  
  113  8:17  Phoenix  
  113  8:18  Zealot  
  113  8:19  Zealot x3  
  123  8:21  Photon Cannon  
  123  8:23  Pylon  
  123  8:30  Pylon  
  123  8:35  Templar Archives  
  123  8:36  Pylon  
  123  8:41  Zealot x5  
  123  8:44  Zealot  
  136  8:48  Observer  
  131  9:08  Warp Prism  
  129  9:13  High Templar x2  
  129  9:14  Zealot x4, High Templar x2  
  129  9:16  Pylon  
  143  9:19  Archon x2  
  145  9:27  Psionic Storm  
  145  9:31  Nexus  
  145  9:34  High Templar  
  145  9:35  Zealot x2, High Templar  
  153  9:46  High Templar  
  155  9:53  Pylon  
  155  9:55  Pylon  
  155  9:56  High Templar  
  157  10:08  Pylon  
  157  10:11  Zealot x3  
  157  10:12  Zealot x2, Pylon  
  167  10:22  Probe x3  
  170  10:28  Forge  
  170  10:39  Stalker x5  
  170  10:41  Stalker x3  
  132  11:01  Archon  
  132  11:02  Zealot x2  
  132  11:03  Zealot x3  

Tags
 
Add a new tag
Caveats
  • Supply blocks, unpowered buildings, or Contaminate may cause inaccurate times.
  • Supply counts are checked every 10 seconds.